← All builds
Beach sea / Armada / Economy first / OBSERVED BUILD

Standard beach sea

Armada Beach sea build order · Supreme Isthmus

Economy-first sea play: shipyard right away, a destroyer by around 5 minutes, then an Advanced Metal Extractor as the eco scales up, with later ships like corvette, frigate and submarine filling out the fleet; this is the role's baseline…

Usually shipyard first (93%)

#naval #eco · 884 distinct matches · 149 players · 72% of Armada Beach sea games · team won 50% of 952 · Recently observed

HOW TO PLAY IT

Key timing: Shipyard by 1:40, first destroyer by 4:52

  1. Open 3 mex into tidal generators for early energy.
  2. Rush Shipyard straight from the opening eco.
  3. Keep adding mex and naval energy converters to fund the fleet.
  4. Get your first destroyer out to contest the sea.
  5. Transition into Advanced Metal Extractor as eco scales.

Phase by phase

TYPICAL OF ITS 884 GAMES · AGAINST STANDARD BEACH SEA
  1. 1
  2. 2
  3. 3
PLAY THE OPENING

Follow the example game's first 6:00 step by step: what to build now, what comes next, and where it goes. At 1× it keeps pace with your own game.

  1. 1

    Up to the Shipyard

    Economy
    • Metal Extractor3Mex
    • Wind Turbine2Windfor allies+2 vs standard
    • Wind Turbine1Wind−4 vs standard
    Order
    1. ShipyardShipyard after 3 mex, 1 winddone ~1:44, middle half 1:27–2:01

    Some games also: tidal (38%) · energy storage (35%)

    By 1:27 in all: 3 mex · 1 wind (standard 5)

    The example game in this phase · 5 steps
    1. Mex ×3
    2. Wind
    3. Windfor Air
    4. Wind ×4
    5. ShipyardShipyarddone 1:47 · typical 1:44
  2. 2

    Shipyard to 5:00

    Economy
    • Metal Extractor5Mex
    • Wind Turbine2Wind−3 vs standard
    • Tidal Generator2Tidal+2 vs standard
    Builders
    • Construction Ship2 Con ship +2 vs standard
    Army
    • Dolphin3 Dolphin +3 vs standard
    • Skater2 Skater +2 vs standard
    • Corsair1 Destroyer
    Other
    • Naval Radar / Sonar Tower1 Naval Radar / Sonar Tower

    Some games also: Harpoon (43%) · con turret (35%) · frigate (33%) · submarine (33%) · Sentry (31%)

    The standard build makes here, this one skips: 3 con hovercraft · 7 seeker

    By 5:00 in all: 8 mex · 4 wind (standard 10) · 3 tidal (standard 0)

    The example game in this phase · 14 steps
    1. SkaterSkater ×2
    2. Tidal ×2
    3. Construction ShipCon ship
    4. Tidal ×2
    5. DolphinDolphin ×3
    6. EllysawFrigate
    7. Mex
    8. Converter ×2
    9. EllysawFrigate
    10. Mex
    11. EllysawFrigate
    12. Mex ×2
    13. Naval Radar / Sonar TowerNaval Radar / Sonar Tower
    14. CorsairDestroyerdone 5:48 · typical 4:59
  3. 3

    5:00 to 10:00

    Economy
    • Metal Extractor1Mex−2 vs standard
    • Wind Turbine11Wind
    Builders
    • Naval Construction Turret1 Naval Construction Turret
    • Grim Reaper1 Grim Reaper
    Army
    • Sentry1 Sentry
    • Harpoon1 Harpoon
    • Dolphin3 Dolphin
    • Corsair2 Destroyer
    • Skater2 Skater
    Other
    • Naval Radar / Sonar Tower1 Naval Radar / Sonar Tower

    Some games also: con ship (48%) · frigate (46%) · Radar Tower (42%) · tidal (40%) · con turret (39%)

    By 10:00 in all: 10 mex · 16 wind (standard 23) · 4 tidal (standard 0) · 1 energy storage · 1 con turret · 1 Naval Construction Turret

    The example game in this phase · 61 steps
    1. Mex
    2. Wind
    3. Mex
    4. Wind
    5. NettleNettle
    6. Mex
    7. Wind
    8. NettleNettle
    9. Construction ShipCon ship
    10. SentrySentry
    11. Wind
    12. SentrySentry
    13. CorsairDestroyer
    14. Naval Construction Turret
    15. SentrySentry
    16. Wind
    17. Radar TowerRadar Tower
    18. Wind
    19. Naval Construction Turret
    20. Wind
    21. CorsairDestroyer
    22. HarpoonHarpoon
    23. Wind
    24. HarpoonHarpoon
    25. Advanced Metal ExtractorT2 mexdone 9:07 · typical 10:04
    26. Wind ×5
    27. EllysawFrigate
    28. Wind
    29. Naval Radar / Sonar TowerNaval Radar / Sonar Tower
    30. EllysawFrigate
    31. Wind
    32. Advanced Metal ExtractorT2 mex
    33. Wind ×2
    34. EllysawFrigate
    35. Wind ×3
    36. CorsairDestroyer
    37. Wind ×4
    38. Advanced Metal ExtractorT2 mex
    39. Wind ×2
    40. EllysawFrigate
    41. Wind ×2
    42. CorsairDestroyer
    43. Wind ×4
    44. CorsairDestroyer
    45. Wind
    46. Advanced Metal ExtractorT2 mex
    47. CorsairDestroyer
    48. HarpoonHarpoon
    49. CorsairDestroyer
    50. Naval Construction Turret
    51. HarpoonHarpoon
    52. Naval Radar / Sonar TowerNaval Radar / Sonar Tower
    53. Naval Construction Turret
    54. Con turret
    55. Bot LabBot Labdone 14:42
    56. Con turret
    57. Pit BullPit Bull
    58. BeamerBeamer
    59. Construction BotCon bot
    60. BeamerBeamer
    61. Construction BotCon bot

Counts are medians over the build's games: half of them build more, half fewer. The example game is [NWP]1347's (37 OS, 13/10/2026); pick another.

Team trades

IN AT LEAST 30% OF ITS GAMES

You hand over

  • Wind Turbine3 Wind to Airfirst at 1:42 · in 79% of games

You get

  • Finch1 Finch from Airfirst at 1:58 · in 78% of games
  • Lazarus1 Lazarus from Geofirst at 2:12 · in 53% of games
  • Hephaestus1 Heavy transport from Airfirst at 2:16 · in 63% of games
  • Hercules1 Light transport from Airfirst at 2:19 · in 39% of games
  • Construction Bot1 Con bot from Geofirst at 2:27 · in 69% of games
  • Advanced Construction Bot1 T2 con bot from Techfirst at 8:11 · in 88% of games

How it plays out

Typical game of this build, running totals by minute

Metal produced

010k20k30k
0:005:0010:0015:00

metal

Enemy metal destroyed

02.5k5k7.5k
0:005:0010:0015:00

metal

Own metal lost

02.5k5k7.5k
0:005:0010:0015:00

metal

952 games.

Show as table
ByMetal produced: This buildEnemy metal destroyed: This buildOwn metal lost: This build
1:0040400
2:0093800
3:00158000
4:0025205151
5:003703240150
6:005100563353
7:0065861096686
8:00815116621136
9:00977024311809
10:001162133352565
11:001368342663340
12:001604450794130
13:001847658614941
14:002125265425913
15:002391173996700
WHAT THE NUMBERS SAY

This baseline wins less than half its games, trading sea kills for losses at a similar rate to the enemy through 15 minutes.

  • + Metal production outpaces enemy destruction early, 3733 vs 255 at 5:00.
  • + Kills and losses track closely by 15:00 (8342 vs 6711), an even fight.
  • − Team wins under half of games (47%).
  • − T2 factory reached in only 34% of games, the lowest tech rate among sea roles.
THE EXAMPLE YOU ARE READING

[NWP]1347

37.3 OS · 13/10/2026

Open source match ↗

6 received units · includes a constructor
698 metal received · 13476 energy received

Allied construction assistance is unknown. Timings are observations, not a promise of solo reproducibility.

Typical milestones

Shipyard1:44Middle 50%: 1:27–2:01 · n=948
Corsair4:59Middle 50%: 4:20–5:56 · n=899
Advanced Metal Extractor10:04Middle 50%: 9:13–10:57 · n=799

Played most by

yeskinkot68games of this buildHummell61games of this buildTheSituation47games of this buildBlover37games of this buildTheGeneraI36games of this build
Standard beach sea · Armada Beach sea build order · BAR Build Atlas